AoeStats
← connienbb

MegaRandom

504749323Analyzed
4v4 RM · 26d ago on Sep 6, 2026· 54m 18s· 8 players
Game mode
Random Map
Map size
Large (8 player)
Population
200
Speed
Normal
Resources
Standard
Victory
Conquest
Starting age
Dark Age
Ending age
Imperial Age
RankedLock teamsTeams togetherTeam positionsShared explorationLock speedFull tech treeHidden civsTurbo modeCheats
Victory
Defeat
🇬🇧 Romans · United Kingdom
731
+13
🇫🇷 Mapuche · France
715
+14
🇮🇩 Khmer · Indonesia
702
+14
🇫🇷 Britons · France
554
+21
🇨🇳 Byzantines · China
682
-16
🇭🇰 Jurchens · Hong Kong SAR China
675
-16
🇨🇳 Mongols · China
665
-16
🇨🇳 Bohemians · China
619
-14
HBNUVHTFGHYHUGY
12:10 Feudal Age
17:51 Castle Age
26:13 Horse Collar
26:46 Double-Bit Axe
27:17 Heavy Plow
28:07 Bow Saw
30:00 Wheelbarrow
29:11 Loom
34:28 Imperial Age
32:26 Fervor
31:52 Pikeman
32:34 Squires
34:21 Chemistry
33:42 Ballistics
34:54 Masonry
34:29 Treadmill Crane
41:30 Two-Man Saw
40:27 Elite Hussite Wagon
41:28 Conscription
connienbb
0:56 Loom
12:48 Feudal Age
13:35 Double-Bit Axe
14:58 Horse Collar
15:14 Gold Mining
17:21 Stone Mining
24:25 Castle Age
24:17 Fletching
25:55 Husbandry
28:12 Bloodlines
28:18 Caravan
28:36 Bow Saw
30:05 Heavy Plow
30:13 Light Cavalry
31:22 Bodkin Arrow
33:18 Forging
37:47 Imperial Age
38:25 Iron Casting
43:08 Imperial Age
1142613838
阳光男孩结城
0:40 Loom
13:57 Feudal Age
14:36 Horse Collar
14:42 Double-Bit Axe
18:10 Wheelbarrow
21:23 Castle Age
22:56 Heavy Plow
23:08 Bow Saw
25:26 Hand Cart
31:32 Imperial Age
29:58 Husbandry
29:22 Light Cavalry
30:39 Fletching
30:48 Gold Mining
30:49 Stone Mining
32:50 Hussar
32:51 Cavalier
34:38 Arson
34:54 Squires
34:14 Pikeman
35:19 Conscription
34:19 Elite Cataphract
35:16 Heavy Camel Rider
35:53 Murder Holes
36:18 Ballistics
36:59 Chemistry
35:40 Treadmill Crane
38:19 Gold Shaft Mining
38:20 Stone Shaft Mining
37:51 Halberdier
37:53 Paladin
40:04 Hoardings
39:50 Guilds
40:29 Logistica
41:01 Bodkin Arrow
41:12 Scale Barding Armor
43:36 Bracer
43:56 Chain Barding Armor
43:47 Forging
45:39 Fortified Wall
46:10 Plate Barding Armor
48:14 Iron Casting
47:40 Scale Mail Armor
48:58 Crop Rotation
49:29 Two-Man Saw
51:03 Chain Mail Armor
maxoog93
12:02 Feudal Age
13:39 Double-Bit Axe
13:41 Horse Collar
14:38 Gold Mining
19:53 Castle Age
19:02 Padded Archer Armor
18:52 Fletching
19:46 Stone Mining
21:25 Bow Saw
21:20 Heavy Plow
24:58 Gold Shaft Mining
28:04 Wheelbarrow
28:41 Forging
28:31 Bodkin Arrow
28:52 Leather Archer Armor
31:46 Loom
34:38 Imperial Age
32:30 Malon
33:35 Hand Cart
36:19 Conscription
37:21 Ring Archer Armor
37:03 Forging
36:54 Scale Mail Armor
37:04 Butalmapu
37:41 Stone Shaft Mining
37:40 Crop Rotation
37:15 Elite Bolas Rider
40:40 Iron Casting
40:21 Chain Mail Armor
41:05 Capped Ram
46:02 Plate Mail Armor
50:06 Elite Kona
Jack
1:06 Loom
11:17 Feudal Age
12:45 Double-Bit Axe
12:42 Horse Collar
15:18 Gold Mining
20:19 Castle Age
19:38 Man-at-Arms
20:41 Bloodlines
20:45 Forging
20:35 Scale Mail Armor
21:27 Pikeman
22:29 Heavy Plow
23:48 Bow Saw
23:32 Stone Mining
24:01 Long Swordsman
25:14 Fletching
26:20 Wheelbarrow
25:34 Town Watch
27:30 Ballistics
30:44 Squires
30:08 Elite Skirmisher
31:49 Hand Cart
31:53 Fortified Wall
35:52 Imperial Age
33:21 Murder Holes
33:17 Guard Tower
33:38 Masonry
37:14 Conscription
37:01 Ballistas
37:59 Gold Shaft Mining
38:03 Crop Rotation
39:54 Comitatenses
38:58 Legionary
40:04 Chain Mail Armor
39:58 Scale Barding Armor
40:30 Heavy Scorpion
41:44 Capped Ram
43:07 Onager
48:24 Husbandry
47:51 Elite Centurion
52:41 Chemistry
51:48 Siege Engineers
51:38 Halberdier
53:21 Iron Casting
53:07 Chain Barding Armor
54:29 Guilds
anthony008
2:19 Loom
10:21 Feudal Age
11:46 Wheelbarrow
11:01 Town Watch
13:03 Horse Collar
13:12 Double-Bit Axe
16:40 Stone Mining
16:45 Gold Mining
23:54 Castle Age
23:56 Forging
23:47 Scale Mail Armor
23:55 Scale Barding Armor
23:41 Fletching
23:51 Padded Archer Armor
24:21 Arson
24:00 Pikeman
25:40 Squires
25:26 Arson
26:17 Hand Cart
27:05 Town Patrol
31:29 Imperial Age
30:43 Bow Saw
31:34 Heavy Plow
32:13 Gold Shaft Mining
34:34 Iron Casting
34:14 Chain Mail Armor
33:56 Bodkin Arrow
35:06 Two-Man Saw
36:03 Conscription
35:06 Elite Longbowman
36:18 Fervor
36:24 Block Printing
36:30 Sanctity
36:36 Illumination
37:18 Murder Holes
37:04 Treadmill Crane
37:36 Masonry
37:49 Ballistics
38:57 Siege Engineers
38:40 Arrowslits
39:41 Caravan
41:04 Theocracy
40:30 Devotion
40:32 Herbal Medicine
41:14 Architecture
40:36 Guard Tower
42:00 Warwolf
42:21 Yeomen
41:32 Sappers
42:47 Hoardings
45:14 Blast Furnace
44:45 Plate Mail Armor
44:17 Bracer
44:55 Halberdier
BlueGuardian
Connection lost

Rejoining the realm…

Still unreachable

The connection could not be restored.

Session expired

The server has moved on; the page needs a fresh start.